 Dungeon Crawl Stone Soup version 0.21.1-1-g345015f (webtiles) character file.

16065 n0claF the Basher (level 12, -8/165 HPs)
             Began as a Minotaur Gladiator on June 22, 2018.
             Was a High Priest of Okawaru.
             Killed from afar by Amon001's ghost (10 damage)
             ... with a spray of energy
             ... on level 11 of the Dungeon.
             The game lasted 00:29:45 (11043 turns).

n0claF the Basher (Minotaur Gladiator)             Turns: 11043, Time: 00:29:46

Health: -8/165     AC: 26    Str: 28    XL:     12   Next: 6%
Magic:  11/11      EV:  2    Int:  5    God:    Okawaru [*****.]
Gold:   694        SH:  0    Dex: 14    Spells: 11/11 levels left

rFire    . . .     SeeInvis +   P - +1 mace (crush)
rCold    . . .     Gourm    .   (no shield)
rNeg     + + +     Faith    .   (armour currently unavailable)
rPois    +         Spirit   .   (helmet currently unavailable)
rElec    .         Reflect  .   (cloak currently unavailable)
rCorr    .         Harm     .   (gloves currently unavailable)
MR       .....     NoTele   +   (boots currently unavailable)
Stlth    +.........             (no amulet)
HPRegen  0.37/turn              z - ring of see invisible
MPRegen  0.12/turn              J - +4 ring of strength

@: tree-form, hasted, very quick
A: (retaliatory headbutt), sense surroundings 1, strong 1
a: Heroism, Finesse, Renounce Religion


You were on level 11 of the Dungeon.
You worshipped Okawaru.
Okawaru was extremely pleased with you.
You were not hungry.
You were a tree.
You visited 2 branches of the dungeon, and saw 12 of its levels.
You also visited: Ossuary.

You collected 694 gold pieces.

Inventory:

Hand Weapons
 v - a +1 dire flail
   (You found it on level 4 of the Dungeon)
 P - a +1 mace of crushing (weapon)
   (You found it on level 9 of the Dungeon)
Missiles
 M - 2 throwing nets (quivered) {!f}
Armour
 c - a +0 hat (melded)
 y - a +0 plate armour (melded)
   (You took it off an orc warrior on level 6 of the Dungeon)
 F - a +0 pair of gloves (melded)
   (You found it on level 7 of the Dungeon)
 H - a +0 pair of boots (melded)
   (You found it on level 4 of the Dungeon)
Jewellery
 p - an uncursed amulet of rage
   (You found it on level 2 of the Dungeon)
 z - a ring of see invisible (left branch)
   (You found it on level 7 of the Dungeon)
 J - a +4 ring of strength (right branch)
   (You found it in an ossuary)
 K - an uncursed ring of positive energy
   (You found it in an ossuary)
Wands
 d - a wand of iceblast (6)
   (You took it off Joseph on level 9 of the Dungeon)
 t - a wand of flame (42)
   (You found it on level 7 of the Dungeon)
 u - a wand of paralysis (21)
   (You found it on level 6 of the Dungeon)
 A - a wand of scattershot (10)
   (You found it on level 6 of the Dungeon)
Scrolls
 a - a scroll of brand weapon {unknown}
 b - a scroll of magic mapping {unknown}
 f - 4 scrolls of teleportation {@r4}
 g - 6 scrolls of identify {@r1}
 i - a scroll of torment {unknown}
 j - 2 scrolls of enchant weapon
 m - 2 scrolls of remove curse {@r2}
 n - 4 scrolls of immolation {!r}
 o - 2 scrolls of fear
 s - 10 scrolls of amnesia
 D - a scroll of fog {unknown}
 G - a scroll of random uselessness {unknown}
 I - a scroll of blinking {unknown}
Potions
 h - 2 potions of brilliance
 l - 3 potions of agility {unknown}
 q - 4 potions of lignification {!q}
 r - a potion of berserk rage {unknown}
 w - 4 potions of flight {unknown}
 x - a potion of resistance {unknown}
 B - 3 potions of heal wounds {unknown}
 C - 3 potions of haste {@q3}
 E - 2 potions of mutation {!q}
 L - a potion of might {unknown}
 N - 2 potions of degeneration {unknown}
Comestibles
 e - 20 rations {!d}
 O - 3 chunks of flesh


   Skills:
 + Level 11.1 Fighting
 - Level 14.0 Maces & Flails
 - Level 2.0 Throwing
 + Level 10.8 Armour
 + Level 10.6 Dodging


You had 11 spell levels left.
You didn't know any spells.

Dungeon Overview and Level Annotations

Branches:
Dungeon (11/15)            Temple (1/1) D:7            Lair (0/6) D:8
    Orc (0/2) D:9

Altars:
Ashenzari
Cheibriados
Dithmenos
Elyvilon
Fedhas
Gozag
Hepliaklqana
Kikubaaqudgha
Makhleb
Nemelex Xobeh
Okawaru
Qazlal
Ru
Sif Muna
Trog
Uskayaw
Vehumet
Wu Jian
Xom
Yredelemnul
Zin
The Shining One

Shops:
D:7 !

Annotations:
D:11 Amon001's ghost, journeyman DrCj


Innate Abilities, Weirdness & Mutations

((You reflexively headbutt those who attack you in melee.))
((You have a pair of horns on your head.))
((You have very sharp teeth.))
You passively map a small area around you.
Your muscles are strong. (Str +2)


Message History

Amon001's ghost completely misses you. You furiously retaliate!
You headbutt Amon001's ghost! You hit Amon001's ghost.
You headbutt Amon001's ghost!
Amon001's ghost gestures at you while chanting.
The spray of energy hits you!
* * * LOW HITPOINT WARNING * * *
You are confused.
Amon001's ghost assumes a wrestling stance.
Amon001's ghost casts a spell at you. The spray of energy misses you.
Amon001's ghost points at you and mumbles some strange words.
The ball explodes into a vile cloud!
The stinking cloud engulfs you!
You hear a shout!
Amon001's ghost casts a spell at you.
The ball explodes into a vile cloud!
The stinking cloud engulfs you!
You feel less confused. Amon001's ghost casts a spell at you.
The spray of energy hits you!
* * * LOW HITPOINT WARNING * * *
It was a potion of haste.
You feel yourself speed up.
Amon001's ghost hits you but does no damage.
It was a potion of mutation.
You feel extremely strange.
You feel stronger.
You feel a strange attunement to the structure of the dungeons.
Your teeth lengthen and sharpen.
Amon001's ghost gestures at you while chanting.
The spray of energy hits you!
* * * LOW HITPOINT WARNING * * *
You are confused.
You feel better. Amon001's ghost hits you.
* * * LOW HITPOINT WARNING * * *
It was a potion of lignification.
You turn into a tree.
Your +0 hat melds into your body.
Your +0 pair of gloves melds into your body.
Your +0 pair of boots melds into your body.
Your +0 plate armour melds into your body.
Your roots penetrate the ground.
Unknown command.
You miss Amon001's ghost. Amon001's ghost hits you.
* * * LOW HITPOINT WARNING * * *
You hit Amon001's ghost. You miss Amon001's ghost. Amon001's ghost hits you!
* * * LOW HITPOINT WARNING * * *
Unknown command.
You miss Amon001's ghost.
A five-headed hydra comes into view.
You closely miss Amon001's ghost. Amon001's ghost casts a spell at you.
The spray of energy hits you!
You die...

........................#
.......................#*
......................## ,
.......................##
.......#.....#..........#.
......###)..###...........,
.......#.W.## ##..........
,
............###.W.........
..W..........#..♣..<...D..
..........................
........%.................
,
..........................
*
....................>.....
, *
..........................
* .........................
, .................
......#............


You could see a five-headed hydra and Amon001's ghost.

Vanquished Creatures
  Erolcha (D:9)
  A centaur warrior (D:10)
  6 two-headed ogres
  3 death yaks (D:8)
  The ghost of Lokkij the Reanimator, a novice DDNe of Dithmenos (D:8)
  Pikel (D:9)
  An ugly thing (D:10)
  Joseph (D:9)
  3 hippogriffs
  3 humans (D:6)
  The ghost of kalagan the Firebug, an amateur DEFE (D:3)
  2 water moccasins (D:8)
  2 porcupines (D:8)
  A slave (D:9)
  An ice beast (D:4)
  2 phantoms
  5 orc warriors
  2 sky beasts
  4 necrophages
  3 ogres
  6 centaurs
  A crocodile (D:8)
  3 big kobolds
  A gnoll sergeant (D:4)
  3 bullfrogs
  An elf skeleton (D:7)
  A water moccasin zombie (Ossuary)
  A water moccasin skeleton (D:8)
  A scorpion (D:10)
  21 killer bees
  2 wights (D:7)
  2 howler monkeys (D:7)
  10 crimson imps
  3 bullfrog zombies (Ossuary)
  A centaur zombie (Ossuary)
  A jelly (D:8)
  3 human zombies (D:7)
  A centaur skeleton (D:6)
  8 orc priests
  4 hounds
  4 worker ants
  A human skeleton (D:7)
  2 iguanas
  6 orc wizards
  3 hell rats
  A killer bee zombie (Ossuary)
  An ogre zombie (D:7)
  4 hound zombies
  4 hound skeletons
  20 mummies
  3 worker ant zombies
  A howler monkey zombie (Ossuary)
  4 gnolls (D:4)
  7 adders
  5 shadow imps
  A white imp (D:7)
  An ooze (D:2)
  3 adder zombies (Ossuary)
  4 worms (D:2)
  2 dart slugs
  5 leopard geckos
  43 orcs
  4 ball pythons
  8 giant cockroaches
  4 hobgoblins
  13 jackals
  7 kobolds
  5 quokkas
  5 bats
  5 frilled lizards
  11 goblins
  2 hobgoblin zombies (D:7)
  A jackal zombie (Ossuary)
  3 kobold skeletons (D:7)
  2 leopard gecko zombies
  2 orc skeletons (D:7)
  An orc zombie (D:7)
  A quokka skeleton (D:4)
  2 quokka zombies
  6 rats
  A withered plant (Ossuary)
326 creatures vanquished.

Vanquished Creatures (others)
  A slave (D:9)
  4 orcs
  A leopard gecko zombie (D:8)
6 creatures vanquished.

Grand Total: 332 creatures vanquished

Notes
Turn   | Place    | Note
-------+----------+-------------------------------------------
     0 | D:1      | n0claF the Minotaur Gladiator began the quest for the Orb.
     0 | D:1      | Reached XP level 1. HP: 18/18 MP: 0/0
   201 | D:1      | Reached skill level 4 in Maces & Flails
   201 | D:1      | Reached XP level 2. HP: 12/25 MP: 1/1
   484 | D:1      | Reached skill level 1 in Armour
   586 | D:2      | Reached XP level 3. HP: 27/30 MP: 2/2
  1295 | D:2      | Found a snail-covered altar of Cheibriados.
  1304 | D:2      | Reached XP level 4. HP: 36/38 MP: 3/3
  1950 | D:3      | Noticed kalagan's ghost (amateur DEFE)
  1961 | D:3      | Killed kalagan's ghost
  1961 | D:3      | Reached skill level 5 in Maces & Flails
  1961 | D:3      | Reached XP level 5. HP: 32/46 MP: 4/4
  2039 | D:3      | Found a faded altar of an unknown god.
  2207 | D:3      | Found a burning altar of Makhleb.
  2207 | D:3      | Noticed a cacodemon
  2210 | D:3      | Noticed a ynoxinul
  2210 | D:3      | Noticed a ynoxinul
  2368 | D:4      | Found a hide-covered altar of Uskayaw.
  2444 | D:4      | Found a white marble altar of Elyvilon.
  2523 | D:4      | Noticed an ice beast
  2530 | D:4      | Killed an ice beast
  2530 | D:4      | Reached XP level 6. HP: 25/52 MP: 5/5
  2865 | D:4      | Reached skill level 6 in Maces & Flails
  2973 | D:4      | Found a deep blue altar of Sif Muna.
  3674 | D:5      | Entered Level 5 of the Dungeon
  3706 | D:5      | Reached XP level 7. HP: 57/60 MP: 6/6
  3707 | D:5      | Found a sparkling altar of Nemelex Xobeh.
  3727 | D:5      | Reached skill level 7 in Maces & Flails
  3727 | D:5      | Reached skill level 5 in Dodging
  3948 | D:5      | Reached skill level 5 in Fighting
  4394 | D:5      | Got a transparent scale mail
  4405 | D:5      | Identified the +4 scale mail "Zeheuq" {rN+} (You found it on level 5 of the Dungeon)
  4427 | D:5      | Reached XP level 8. HP: 69/69 MP: 7/7
  4801 | D:6      | Reached skill level 8 in Maces & Flails
  4819 | D:6      | Reached skill level 5 in Armour
  4995 | D:6      | Found a shadowy altar of Dithmenos.
  5042 | D:6      | Reached skill level 9 in Maces & Flails
  5243 | D:6      | Found a hazy altar of Hepliaklqana.
  5486 | D:7      | Noticed a hippogriff
  5497 | D:7      | Killed a hippogriff
  5497 | D:7      | Reached XP level 9. HP: 71/78 MP: 8/8
  5510 | D:7      | Found a glowing golden altar of the Shining One.
  5613 | D:7      | Found a shadowy altar of Dithmenos.
  5624 | D:7      | Reached skill level 10 in Maces & Flails
  6162 | D:7      | Found Nulaofukk's Distillery.
  6185 | D:7      | Noticed a two-headed ogre
  6192 | D:7      | Killed a two-headed ogre
  6192 | D:7      | Reached skill level 11 in Maces & Flails
  6222 | D:7      | Found a staircase to the Ecumenical Temple.
  6231 | Temple   | Entered the Ecumenical Temple
  6440 | Temple   | Became a worshipper of Warmaster Okawaru
  6656 | D:7      | Reached XP level 10. HP: 82/88 MP: 9/9
  6679 | D:7      | Found a basalt altar of Yredelemnul.
  6822 | D:8      | Noticed a two-headed ogre
  6843 | D:8      | Killed a two-headed ogre
  6843 | D:8      | Reached * piety under Okawaru
  6862 | D:8      | Found a sand-covered staircase.
  6871 | Ossuary  | Entered an ossuary
  7140 | Ossuary  | Reached skill level 12 in Maces & Flails
  7378 | D:8      | Noticed Lokkij's ghost (novice DDNe)
  7402 | D:8      | Killed Lokkij's ghost
  7406 | D:8      | Noticed a death yak
  7407 | D:8      | Noticed a death yak
  7407 | D:8      | Noticed a death yak
  7786 | D:8      | Noticed a two-headed ogre
  7796 | D:8      | Killed a two-headed ogre
  7796 | D:8      | Reached ** piety under Okawaru
  7853 | D:8      | Killed a death yak
  7853 | D:8      | Reached skill level 13 in Maces & Flails
  7853 | D:8      | Reached XP level 11. HP: 76/97 MP: 7/10
  7863 | D:8      | Killed a death yak
  7863 | D:8      | Reached *** piety under Okawaru
  7870 | D:8      | Killed a death yak
  8107 | D:8      | Found a staircase to the Lair.
  8303 | D:8      | Found an ornate altar of the Wu Jian Council.
  8873 | D:9      | Reached **** piety under Okawaru
  8927 | D:9      | Noticed Joseph
  8938 | D:9      | Killed Joseph
  8938 | D:9      | Reached skill level 10 in Fighting
  8989 | D:9      | Noticed Pikel
  9000 | D:9      | Killed Pikel
  9036 | D:9      | Noticed Erolcha
  9056 | D:9      | Killed Erolcha
  9056 | D:9      | Reached skill level 14 in Maces & Flails
  9064 | D:9      | Found a staircase to the Orcish Mines.
  9589 | D:9      | Noticed a two-headed ogre
  9595 | D:9      | Killed a two-headed ogre
  9595 | D:9      | Reached skill level 10 in Armour
  9595 | D:9      | Reached skill level 10 in Dodging
  9643 | D:9      | Noticed a two-headed ogre
  9651 | D:9      | Killed a two-headed ogre
  9651 | D:9      | Reached ***** piety under Okawaru
  9768 | D:10     | Entered Level 10 of the Dungeon
  9768 | D:10     | Noticed a two-headed ogre
  9775 | D:10     | Killed a two-headed ogre
  9931 | D:10     | Found a shattered altar of Ashenzari.
  9960 | D:10     | Noticed a centaur warrior
  9972 | D:10     | Killed a centaur warrior
 10016 | D:10     | Reached XP level 12. HP: 83/110 MP: 11/11
 10240 | D:10     | Received a gift from Okawaru
 10522 | D:11     | Noticed Amon001's ghost (journeyman DrCj)
 11036 | D:11     | Gained mutation: Your muscles are strong. (Str +2) [potion of mutation]
 11036 | D:11     | Gained mutation: You passively map a small area around you. [potion of mutation]
 11036 | D:11     | Gained mutation: You have very sharp teeth. [potion of mutation]
 11036 | D:11     | HP: 2/110 [Amon001's ghost/spray of energy (5)]
 11041 | D:11     | HP: 1/165 [Amon001's ghost (8)]
 11043 | D:11     | Noticed a five-headed hydra
 11043 | D:11     | Killed from afar by Amon001's ghost

Skill      XL: |  1  2  3  4  5  6  7  8  9 10 11 |
---------------+----------------------------------+-----
Maces & Flails | 4 5 6 7 9 11 13 14 | 14.0
Armour         | 1 2 3 4 6 7 9 10 | 10.8
Fighting       | 3 4 5 6 8 9 11 | 11.1
Dodging        | 4 5 6 7 9 10 | 10.6
Throwing       | |  2.0

Action                   |  1- 3 |  4- 6 |  7- 9 | 10-12 || total
-------------------------+-------+-------+-------+-------++-------
Melee: Flail             |    86 |    49 |       |       ||   135
       Headbutt          |     8 |    13 |    56 |   138 ||   215
       Dire flail        |       |    36 |   266 |   449 ||   751
       Mace              |       |       |       |   139 ||   139
Throw: Throwing net      |       |       |     1 |     2 ||     3
Invok: Heroism           |       |       |       |     2 ||     2
  Use: Scroll            |       |     8 |     2 |     1 ||    11
       Potion            |       |     1 |       |     9 ||    10
 Stab: Sleeping          |     1 |       |       |       ||     1
       Held in net/web   |       |       |       |     1 ||     1
  Eat: Chunk             |     1 |     5 |     8 |    15 ||    29
       Ration            |       |     1 |       |       ||     1
Armor: Leather armour    |    21 |     3 |       |       ||    24
       Ring mail         |       |    25 |     6 |       ||    31
       Scale mail        |       |       |     8 |       ||     8
       Plate armour      |       |       |    90 |   182 ||   272
Dodge: Dodged            |    55 |    57 |    89 |   219 ||   420
